 Dungeon Sprint DCSS version 0.30-a0-845-g7c6808c8ce (webtiles) character file.

Game seed: 7073459625017440447

132 NinjaNoafa the Magician (level 5, -7/45 HPs)
             Began as a Djinni Summoner on Mar 2, 2023.
             Was an Initiate of Jiyva.
             Mangled by a jumping spider (10 damage)
             ... in the Dungeon (Sprint V: "Ziggurat Sprint").
             The game lasted 00:02:35 (178 turns).

NinjaNoafa the Magician (Djinni Summoner)            Turns: 178, Time: 00:02:36

Health: -7/45      AC:  8    Str:  7    XL:     5   Next: 38%
Gold:   0          EV:  5    Int: 36    God:    Jiyva [......] SH:  0 Dex: 14

rFire   + + .      SeeInvis .    z - +6 Majin-Bo {spellvamp, MP+6 Int+6}
rCold   x . .      Faith    .    y - +3 buckler
rNeg    . . .      Spirit   .    j - +1 swamp dragon scales
rPois   ∞          Reflect  .    (no helmet)
rElec   .          Rampage  .    (no cloak)
rCorr   .          NoTele   +    (no gloves)
Will    .....                    (boots unavailable)
Stlth   +                        (no amulet)
HPRegen 0.27/turn                q - +6 ring of intelligence
MPRegen 0.00/turn                r - +6 ring of intelligence

@: flying, held
A: sickness immunity, fire resistance 2, cold vulnerability 1, float, innate
caster, HP casting, extra vitality 1
a: Renounce Religion


You were in the Dungeon.
You worshipped Jiyva.
Jiyva was noncommittal.
You visited 1 branch

Inventory:

Hand Weapons
 z - the +6 Majin-Bo (weapon) {spellvamp, MP+6 Int+6}
   (You found it in the Dungeon)

   Int:       It affects your intelligence (+6).
   MP:        It affects your magic capacity (+6).
Armour
 j - +1 swamp dragon scales (worn)
 y - a +3 buckler (worn)
Jewellery
 o - a +6 ring of dexterity
 p - a +6 ring of dexterity
 q - a +6 ring of intelligence (left hand)
 r - a +6 ring of intelligence (right hand)
 s - a +6 ring of strength
 t - a +6 ring of strength
Wands
 u - a wand of mindburst (5)
 v - a wand of iceblast (7)
 w - a wand of quicksilver (7)
Scrolls
 f - 4 scrolls of blinking
 l - 7 scrolls of fog
 m - 5 scrolls of identify
 n - 2 scrolls of fear
Potions
 b - 10 potions of curing
 c - 10 potions of heal wounds
 d - 6 potions of haste
 e - 3 potions of berserk rage
 g - 2 potions of brilliance
 h - 2 potions of invisibility
 i - 4 potions of resistance
 k - 5 potions of might
Miscellaneous
 a - a condenser vane
 x - a lightning rod (4/4)


   Skills:
 + Level 5.7 Fighting
 + Level 0.0 Armour
 + Level 4.9 Dodging
 - Level 1.5 Stealth
 + Level 3.8 Shields
 + Level 6.5 Spellcasting


You knew the following spells:

 Your Spells              Type           Power      Damage    Failure   Level
a - Summon Small Mammal   Summ           100%       N/A       1%          1
b - Call Imp              Summ           56%        N/A       1%          2
c - Call Canine Familiar  Summ           56%        N/A       3%          3
d - Summon Guardian Gole  Hex/Summ       56%        N/A       3%          3
e - Summon Lightning Spi  Summ/Air       56%        N/A       11%         4
f - Foxfire               Conj/Fire      100%       2x1d9     1%          1
g - Passwall              Tmut/Erth      46%        N/A       1%          2
Your spell library was empty.

Dungeon Overview and Level Annotations

Branches:
Dungeon (1/1)

Altars:
Ashenzari
Cheibriados
Dithmenos
Elyvilon
Fedhas
Gozag
Hepliaklqana
Makhleb
Nemelex Xobeh
Okawaru
Qazlal
Ru
Trog
Uskayaw
Wu Jian
Xom
Yredelemnul
Zin
The Shining One
Jiyva
Lugonu

Annotations:
D 1 transporter


Innate Abilities, Weirdness & Mutations

You are immune to sickness and miasma.
You are immune to poison.
Your flesh is very heat resistant. (rF++)
You are vulnerable to cold. (rC-)
You float through the air rather than walking.
You learn spells naturally, not from books.
Your magical power is your life essence.
You have superior vitality. (+4 MHP)


Message History

The jumping spider misses your crimson imp.
The jumping spider bites your crimson imp.
Your crimson imp hits the jumping spider.
Unknown command.
Unknown command.
The jumping spider leaps!
Your crimson imp barely misses the jumping spider.
The jumping spider pounces on you!
You are caught in a web!
The jumping spider barely misses you.
The jumping spider pounces on your lightning spire!
The jumping spider barely misses your lightning spire.
Your lightning spire shoots out a bolt of lightning at the jumping spider!
The bolt of electricity hits the jumping spider!
The bolt of electricity hits the scorpion!
There is a web here.
Casting: Summon Lightning Spire (quite dangerous; 11% risk of failure)
Confirm with . or Enter, or press ? or * to list all spells.
You conjure some foxfire!
The jumping spider pounces on you but does no damage.
The jumping spider bites you.
* * * LOW HITPOINT WARNING * * *
The jumping spider leaps!
Your crimson imp barely misses the jumping spider.
The scorpion stings your lightning spire but does no damage.
Casting: Foxfire (safe; 1% risk of failure)
Confirm with . or Enter, or press ? or * to list all spells.
You conjure some foxfire!
* * * LOW HITPOINT WARNING * * *
The foxfire hits the jumping spider.
You feel better.
The jumping spider is lightly wounded.
The foxfire hits the jumping spider.
You feel better.
The jumping spider is severely wounded.
The jumping spider pounces on you!
* * * LOW HITPOINT WARNING * * *
The jumping spider bites you.
* * * LOW HITPOINT WARNING * * *
The jumping spider leaps!
The scorpion stings your lightning spire but does no damage.
The jumping spider pounces on you!
You die...

▓▓▓▓▓▓▓▓▓▓▓▓▓
▓s8©8.▓.8©8.▓
▓.|=:.▓.....▓
▓.....▓.[...▓
▓.5°..▓..†..▓
▓...○s▓.....▓
▓..§8.▓..©..▓
▓..v@s▓▓▓▓▓▓▓
▓▓▓▓▓▓▓


You could see 2 jumping spiders, a scorpion (ally target), a friendly lightning
spire (summoned) and a friendly crimson imp (summoned).

Vanquished Creatures
  A phantom (D)
  A necrophage (D)
2 creatures vanquished.

Vanquished Creatures (others)
  An azure jelly (D)
  A yaktaur (shapeshifter) (D)
  A tarantella (shapeshifter) (D)
  6 foxfires (D)
9 creatures vanquished.

Grand Total: 11 creatures vanquished

Notes
Turn   | Place    | Note
-------+----------+-------------------------------------------
     0 | D        | NinjaNoafa the Djinni Summoner began the quest for the Orb.
     0 | D        | NinjaNoafa set off with the following spells memorised:
                  | Summon Small Mammal, Call Imp, Call Canine Familiar, Summon
                  | Guardian Golem, Summon Lightning Spire.
     0 | D        | Reached XP level 1. HP: 15/15 MP: 0/0
     0 | D        | Found a sacrificial altar of Ru.
     0 | D        | Found a bloodstained altar of Trog.
     0 | D        | Found a stormy altar of Qazlal.
     0 | D        | Found an iron altar of Okawaru.
     0 | D        | Found a sparkling altar of Nemelex Xobeh.
     0 | D        | Found a blossoming altar of Fedhas.
     0 | D        | Found the +6 Majin-Bo {spellvamp, MP+6 Int+6}
     0 | D        | Found the +27 heavy crossbow "Sniper" {heavy, Acc+∞ SInv}
     0 | D        | Found the +10 dark maul {heavy}
     0 | D        | Found the +15 Maxwell's patent armour {-Cast -Tele rElec
                  | Will+ rCorr}
     0 | D        | Found the +18 shield of the Gong {Loud rN+ Will+ rCorr
                  | EV-5}
     0 | D        | Found the +16 obsidian axe {drain, demonic, Mesm Drain Fly
                  | SInv}
     0 | D        | Found the +7 great mace "Firestarter" {flame, inner flame,
                  | rFlCloud rF++}
     0 | D        | Found the +6 shillelagh "Devastator" {shatter}
     0 | D        | Found the +11 plutonium sword {Contam Stlth-}
     0 | D        | Found the +8 lance "Wyrmbane" {slay drac, rPois rF+ rC+
                  | AC+3}
     0 | D        | Found the +9 sword of Zonguldrok {reap}
     0 | D        | Found the +13 scythe of Curses {drain, curses, Drain}
     0 | D        | Found the +9 sword of Power {lifebolt}
     0 | D        | Found the +7 mace of Variability {chaos, chain chaos}
     0 | D        | Found the +11 Singing Sword {sonic wave}
     0 | D        | Found the +8 storm bow {elec, penet}
     2 | D        | Found a transporter.
     2 | D        | Found a viscous altar of Jiyva.
     2 | D        | Found a corrupted altar of Lugonu.
     2 | D        | Found a hazy altar of Hepliaklqana.
     2 | D        | Found a burning altar of Makhleb.
     2 | D        | Found an opulent altar of Gozag.
    64 | D        | Became a worshipper of Jiyva Juut the Shapeless
    65 | D        | Killed an azure jelly
    77 | D        | Entered arena 2.
    77 | D        | Noticed a phantom
    77 | D        | Noticed a necrophage
    77 | D        | Found a transporter.
    78 | D        | Reached skill level 5 in Spellcasting
    78 | D        | Reached XP level 2. HP: 26/26 MP: 0/0
    88 | D        | Killed a phantom
    89 | D        | Reached skill level 5 in Fighting
    89 | D        | Reached skill level 6 in Spellcasting
    89 | D        | Reached XP level 3. HP: 19/33 MP: 0/0
    89 | D        | Learned a level 1 spell: Foxfire
    89 | D        | Reached XP level 4. HP: 23/39 MP: 0/0
    91 | D        | Killed a necrophage
    92 | D        | Reached XP level 5. HP: 23/45 MP: 0/0
    92 | D        | Learned a level 2 spell: Passwall
    94 | D        | Killed a yaktaur
    94 | D        | Killed a tarantella
   174 | D        | Entered arena 3.
   174 | D        | Noticed a jumping spider
   174 | D        | Noticed a jumping spider
   174 | D        | Found a transporter.
   178 | D        | Mangled by a jumping spider

Illustrated notes

Levels and vault maps discovered:
D:        sprint_v [room_start, room_1, room_2, room_3, room_4, room_5, room_6,
          room_7, room_8, room_9, room_10, room_11, room_12, room_13, room_14,
          room_15, room_16, room_17, room_18, room_19, room_20, room_21,
          room_22, room_23, room_24, room_25, room_26, room_27]

Skill      XL: |  1  2  3  4 |
---------------+-------------+-----
Fighting       | 4 5 |  5.7
Spellcasting   | 5 6 |  6.5
Dodging        | 3 4 |  4.9
Shields        | 2 3 |  3.8
Stealth        | |  1.5

Action                     |  1- 3 |  4- 6 || total
---------------------------+-------+-------++-------
  Melee: Staff             |     1 |       ||     1
   Cast: Summon Small Mamm |     2 |       ||     2
         Call Imp          |     1 |       ||     1
         Foxfire           |       |     4 ||     4
         Summon Lightning  |       |     1 ||     1
  Evoke: Wand              |     2 |       ||     2
    Use: Potion            |     1 |       ||     1
 Armour: Robe              |     1 |       ||     1
         Swamp dragon scal |       |     1 ||     1
  Dodge: Dodged            |     3 |     1 ||     4
  Block: Buckler           |     1 |       ||     1

Table legend: (Time is in decaauts)
 A = Elapsed time spent in this place.
 B = Non-inter-level travel time spent in this place.
 C = Inter-level travel time spent in this place.
 D = Time resting spent in this place.
 E = Time spent auto-exploring this place.
 F = Levels seen in this place.
 G = Mean time per level.
                   A        B        C        D        E       F      G
               +--------+--------+--------+--------+--------+-----+--------+
         Total |    176 |    176 |      0 |      0 |     73 |   1 |  176.0 |
       Dungeon |    176 |    176 |      0 |      0 |     73 |   1 |  176.0 |
               +--------+--------+--------+--------+--------+-----+--------+

Top non-repeatable levels by time:
       D: 176 daAuts
